Description

123123

Replay - Goldenaura LE (5)

Build Order

Get SALT Encoding   

  12  0:00  Probe  
  13  0:14  Pylon  
  13  0:18  Probe (Chrono Boost)  
  14  0:27  Probe x2 (Chrono Boost)  
  16  0:41  Gateway  
  16  0:44  Probe  
  16  0:49  Assimilator  
  17  0:56  Probe  
  18  1:08  Probe  
  19  1:20  Probe  
  20  1:26  Nexus  
  20  1:35  Cybernetics Core  
  20  1:40  Probe  
  20  1:46  Assimilator  
  21  1:52  Probe  
  22  1:56  Pylon  
  22  2:04  Adept  
  23  2:12  Warp Gate  
  26  2:27  Twilight Council  
  28  2:37  Adept  
  33  2:52  Gateway  
  35  3:09  Gateway x2  
  38  3:20  Resonating Glaives (Chrono Boost)  
  38  3:21  Adept  
  42  3:34  Pylon  
  44  3:52  Nexus  
  45  3:58  Pylon  
  45  4:00  Adept x2  
  50  4:12  Pylon  
  50  4:14  Adept x2  
  55  4:18  Assimilator  
  55  4:23  Adept x2  
  62  4:35  Adept  
  70  4:53  Shield Battery  
  72  5:04  Blink (Chrono Boost)  
  71  5:50  Shield Battery  
  71  5:51  Stalker  
  82  5:57  Gateway x2  
  84  6:08  Assimilator  
  85  6:13  Stalker x3  
  85  6:15  Forge  
  95  6:35  Stalker  
  99  6:40  Nexus  
  98  6:49  Stalker x3  
  98  6:51  Shield Battery  
  106  6:58  Gateway x2  
  106  7:01  Charge (Chrono Boost)  
  107  7:02  Protoss Ground Weapons Level 1 (Chrono Boost)  
  107  7:04  Stalker  
  112  7:17  Photon Cannon x2  
  112  7:18  Stalker  
  114  7:29  Photon Cannon  
  123  7:39  Gateway x2  
  123  7:45  Robotics Facility  
  125  8:39  Observer (Chrono Boost)  
  118  8:45  Assimilator  
  140  9:04  Nexus  
  160  9:24  Zealot x2  
Spawning Tool Build Advisor. Get it on Overwolf

Go to:

Details

  • Created by: yanluyang
  • Published on: Mar 04, 2024
  • Modified on: Mar 04, 2024
  • Patch: 5.0.11
  • Difficulty: Medium
Show
View Real Time Build Order
Export as new Build Order

Comments (0)

There are no comments. Be the first!

Create an account to comment!